 Dungeon Crawl Stone Soup version 0.10.0-32-gfa280cc character file.

574 whlr the Grave Robber (level 6, -5/51 HPs)
             Began as a Deep Dwarf Necromancer on Mar 28, 2012.
             Was an Initiate of Makhleb.
             Slain by a goliath beetle (13 damage)
             ... on Level 5 of the Dungeon.
             The game lasted 00:40:39 (5093 turns).

whlr the Grave Robber (Deep Dwarf Necromancer)      Turns: 5093, Time: 00:40:40

HP  -5/51        AC  2     Str 12      XL: 6   Next: 49%
MP   1/14        EV 13     Int 17      God: Makhleb [......]
Gold 217         SH  0     Dex 13      Spells:  5 memorised,  2 levels left

Res.Fire  : . . .   See Invis. : .   E - +3,+2 sabre
Res.Cold  : . . .   Warding    : . . j - +0 elf robe
Life Prot.: . . .   Conserve   : .   (no shield)
Res.Acid. : . . .   Res.Corr.  : .   (no helmet)
Res.Poison: .       Clarity    : .   (no cloak)
Res.Elec. : .       Spirit.Shd : .   (no gloves)
Sust.Abil.: . .     Stasis     : .   (no boots)
Res.Mut.  : .       Ctrl.Telep.: .   (no amulet)
Res.Rott. : .       Levitation : .   (no ring)
Saprovore : . . .   Ctrl.Flight: .   (no ring)

@: non-regenerating, very slightly contaminated, somewhat resistant to hostile
enchantments, fairly stealthy
A: damage resistance, recharge devices, sense surroundings 1, slow healing 3
a: Device Recharging, Renounce Religion


You were on level 5 of the Dungeon.
You worshipped Makhleb.
Makhleb was pleased with you.
You were not hungry.

You visited 1 branch of the dungeon, and saw 5 of its levels.

You collected 197 gold pieces.

Inventory:

Hand weapons
 a - a +0,+0 sling
 k - a +0,+0 dagger
 q - a +2,+0 elven spear
 x - a -1,+0 orcish short sword
 D - a +0,+0 elven spear
 E - a +3,+2 sabre (weapon)
Missiles
 o - 34 +0 darts (quivered)
 v - 2 poisoned +0 darts
 C - 56 +0 stones
 F - a +0 dart of frost
Armour
 j - a +0 elven robe (worn)
Magical devices
 c - a wand of heal wounds (3)
 I - a wand of teleportation (7) {unknown}
 O - a wand of magic darts (16)
Comestibles
 d - 3 bread rations
 f - 22 strawberries
 i - 2 meat rations
 H - a choko
 K - a chunk of rat flesh
Scrolls
 l - 2 scrolls of teleportation {unknown}
 m - a scroll of enchant weapon II {unknown}
 n - a scroll of immolation {unknown}
 p - 3 scrolls of identify {unknown}
 s - a scroll of amnesia {unknown}
 u - 5 scrolls of detect curse {unknown}
 w - a scroll of fog {unknown}
 z - 2 scrolls of enchant weapon I {unknown}
 B - 3 scrolls of recharging {unknown}
Potions
 e - 2 potions of heal wounds {unknown}
 g - a potion of magic {unknown}
 h - 2 potions of levitation {unknown}
 r - a potion of degeneration {unknown}
 t - a potion of invisibility {unknown}
 A - 2 potions of curing {unknown}
 G - a potion of speed {unknown}
Books
 b - a book of Necromancy

   Spells                             Type                      Level
   *Pain                              Necromancy                   1
   *Animate Skeleton                  Necromancy                   1
   *Lethal Infusion                   Charms/Necromancy            2
   *Vampiric Draining                 Necromancy                   3
   Regeneration                       Charms/Necromancy            3
   *Animate Dead                      Necromancy                   4
   Control Undead                     Necromancy                   4
 y - a book of Wizardry

   Spells                             Type                      Level
   Summon Elemental                   Summoning                    4
   Agony                              Necromancy                   5
   Lightning Bolt                     Conjuration/Air              5
   Fireball                           Conjuration/Fire             5
   Haste                              Charms                       6
   Invisibility                       Hexes                        6
 J - a book of Burglary

   Spells                             Type                      Level
   Apportation                        Translocation                1
   Swiftness                          Charms/Air                   2
   Passwall                           Transmutation/Earth          3
   Control Teleport                   Charms/Translocation         4
   Lee's Rapid Deconstruction         Earth                        5
   Passage of Golubria                Translocation                4
   Darkness                           Hexes                        7


   Skills:
 * Level 3.3 Fighting
 * Level 2.9 Dodging
 - Level 2.4 Stealth
 * Level 4.2 Spellcasting
 * Level 5.1 Necromancy


You had 2 spell levels left.
You knew the following spells:

 Your Spells              Type           Power        Failure   Level  Hunger
a - Pain                  Necr           ####.        1%          1    None
b - Vampiric Draining     Necr           ####......   8%          3    Choko
c - Animate Skeleton      Necr           N/A          1%          1    None
d - Lethal Infusion       Chrm/Necr      ###.......   10%         2    Strawberry
e - Animate Dead          Necr           N/A          21%         4    Honeycomb

Dungeon Overview and Level Annotations

Branches:
Dungeon (5/27)
 Temple: D:4-7

Altars:
Makhleb
Nemelex Xobeh
The Shining One


Innate Abilities, Weirdness & Mutations

You are resistant to damage.
You can recharge devices by infusing magical energy.
You passively map a small area around you.
You do not heal naturally.


Message History

The goliath beetle is moderately wounded.
You feel life coursing into your body. The goliath beetle bites you!
* * * LOW HITPOINT WARNING * * *
Casting: Vampiric Draining
Confirm with . or Enter, or press ? or * to list all spells.
Aiming: Vampiric Draining
Press: ? - help, Shift-Dir - straight line, f/p - goliath beetle
Aim: a goliath beetle (moderately wounded)
The goliath beetle is heavily wounded.
You feel life coursing into your body.
Casting: Vampiric Draining
Confirm with . or Enter, or press ? or * to list all spells.
You don't have enough magic to cast that spell.
Casting: Vampiric Draining
Confirm with . or Enter, or press ? or * to list all spells.
Aiming: Pain
Press: ? - help, Shift-Dir - straight line, f/p - goliath beetle
Aim: a goliath beetle (heavily wounded)
The goliath beetle easily resists.
The goliath beetle bites you!
You die...

#####....................
.........................
,*
..........#####....[......
* ......##### ###.#.####.
......# ####...# * #######
#....#.# #.#.##.# * * *#
#....# ,, *,#@#### * #B#*
........%.# * ##.##....# *
#.....# , #.##.## * #. #.#
* . *#.., # ###


You could see a goliath beetle.

Vanquished Creatures
  A giant frog (D:3)
  An orc wizard (D:3)
  A jelly (D:5)
  An orc priest (D:4)
  5 adders
  5 gnolls
  8 orcs
  10 hobgoblins
  4 jackals (D:4)
  4 quokkas
  3 ball pythons
  7 bats
  4 giant cockroaches
  2 giant newts
  10 goblins
  9 kobolds
  A quokka zombie (D:5)
  11 rats
87 creatures vanquished.

Vanquished Creatures (collateral kills)
  Sigmund (D:4)
  2 gnolls
  2 adders (D:4)
  An orc (D:3)
  A bat (D:3)
  A jackal (D:4)
  A giant cockroach (D:3)
9 creatures vanquished.

Vanquished Creatures (others)
  An adder skeleton (D:3)
  An orc skeleton (D:4)
  2 gnoll skeletons (D:3)
  2 jackal skeletons (D:4)
  A quokka skeleton (D:4)
  A toadstool (D:4)
8 creatures vanquished.

Grand Total: 104 creatures vanquished

Notes
Turn   | Place    | Note
--------------------------------------------------------------
     0 | D:1      | whlr, the Deep Dwarf Necromancer, began the quest for the Orb.
     0 | D:1      | Reached XP level 1. HP: 15/15 MP: 3/3
   445 | D:1      | Reached skill level 1 in Fighting
   481 | D:1      | Reached XP level 2. HP: 19/22 MP: 0/4
  1012 | D:2      | Reached XP level 3. HP: 25/30 MP: 2/5
  1102 | D:2      | Learned a level 3 spell: Vampiric Draining
  2232 | D:3      | Reached XP level 4. HP: 24/37 MP: 1/8
  2403 | D:3      | Learned a level 1 spell: Animate Skeleton
  2623 | D:3      | Found a glowing golden altar of the Shining One.
  2685 | D:3      | Noticed a giant frog
  2693 | D:3      | Killed a giant frog
  2857 | D:3      | Reached XP level 5. HP: 32/43 MP: 10/10
  2885 | D:3      | Learned a level 2 spell: Lethal Infusion
  3737 | D:4      | Found a sparkling altar of Nemelex Xobeh.
  3851 | D:4      | Found a burning altar of Makhleb.
  4008 | D:4      | Became a worshipper of Makhleb the Destroyer
  4097 | D:4      | Learned a level 4 spell: Animate Dead
  4188 | D:4      | Noticed Sigmund
  4199 | D:4      | HP: 2/43 [Sigmund/puff of flame (4)]
  4202 | D:4      | Killed Sigmund
  4202 | D:4      | Reached XP level 6. HP: 25/51 MP: 1/14
  4472 | D:4      | Reached skill level 5 in Necromancy
  4484 | D:4      | HP: 2/51 [gnoll/club (2)]
  4800 | D:5      | Entered Level 5 of the Dungeon
  5093 | D:5      | Slain by a goliath beetle
